[Event "Fagernes GM Open Autumn 2024"]
[Site "Fagernes"]
[Date "2024.10.06"]
[Round "1.1"]
[White "Krivenko, Dion"]
[Black "Jumabayev, Rinat"]
[Result "0-1"]
[ECO "B30"]
[WhiteElo "2244"]
[BlackElo "2577"]
[Annotator "TA"]
[PlyCount "100"]
[EventDate "2024.10.03"]
[EventType "swiss"]
[EventCountry "NOR"]
[SourceTitle "playchess.com"]
[Source "ChessBase"]
[SourceQuality "1"]
[TimeControl "40/6000:2400+30"]

1. e4 c5 2. Nf3 Nc6 3. Bb5 e6 4. O-O Nge7 5. d4 cxd4 6. Nxd4 Ng6 7. Be3 Be7 8. Be2 O-O {[%emt 0:00:00] White has an edge.} 9. c4 b6 10. Nxc6 dxc6 11. Qxd8 Rxd8 12. f4 (12. Nc3 $11) 12... e5 $1 $15 13. g3 (13. f5 $15 Nf4 14. Bxf4 exf4 15. a4) 13... Bh3 $17 14. Rf2 exf4 15. gxf4 Bh4 {[%emt 0:00:33] Black is more active.} 16. Nc3 Bxf2+ 17. Kxf2 Bd7 18. a4 f5 19. e5 Nf8 20. Bf3 Ne6 21. b4 Be8 22. b5 Rd3 23. Rc1 Rc8 24. bxc6 Bxc6 25. Nd5 {[%emt 0:06:17] [#]} Bxd5 (25... Bxa4 $2 26. Ne7+ Kf8 27. Nxc8 $18) 26. Bxd5 Kf7 {[%emt 0:00:00] And now ...Ra3 would win.} 27. a5 b5 (27... bxa5 $6 28. Rb1 Ke7 29. Rb7+ Rc7 30. Bc5+ Ke8 (30... Nxc5 $2 31. Rxc7+ Kd8 32. Rxc5 $18) 31. Rb8+ Kd7 32. Bd6 Nxf4 33. Bxc7 Kxc7 (33... Nxd5 34. cxd5 Kxc7 35. e6 $11) 34. Rb7+ Kc8 35. Rxg7 $11) 28. a6 {[%emt 0:13:04] [#]} ({Avoid the trap} 28. Bxe6+ $2 Kxe6 29. cxb5 Rxc1 30. Bxc1 Rd5 $19) 28... Rc7 $1 29. Ke2 bxc4 30. Bxc4 Rdd7 31. Bb3 $2 (31. Bc5 $17) 31... Rxc1 $19 32. Bxc1 {[%emt 0:00:00][%mdl 4096] Endgame. KRN-KB} Rc7 33. Be3 Rc6 34. Bxa7 Rxa6 35. Be3 Ra3 36. Bc4 Ke7 37. Kd2 $2 (37. Bd3 {is a better defense.}) 37... Ra1 38. Bd5 Ra4 39. Bb3 Rb4 40. Bc2 g6 (40... Nxf4 41. Bc5+ (41. Bxf5 $2 {is the wrong capture.} Kf7 $19) 41... Ke6 42. Bxb4 $18) 41. Kc3 Rb8 42. Bb3 Ra8 43. Bd5 Ra5 44. Bb3 Ra1 {[%emt 0:00:00] Inhibits Bc1. ...Rh1 is the strong threat.} 45. Kc4 (45. Bd5 $142) 45... Rh1 {[%emt 0:00:00] Black is clearly winning.} 46. Bd2 Rxh2 47. Bb4+ Kf7 48. Bc3 Rh3 49. Bd2 h5 50. Kb4 h4 {[%emt 0:00:00] White got outplayed after the opening.   Weighted Error Value: White=0.56/Black=0.08 (flawless) .  Loses game:     	White=1     	---        Mistake:       	White=4     	---        Inaccurate:     	White=3     	Black=1      OK:         	White=11    	Black=22     Best:        	White=3     	---        Strong:       	---       	Black=2} 0-1

[Event "Fagernes GM Open Autumn 2024"]
[Site "Fagernes"]
[Date "2024.10.06"]
[Round "1.2"]
[White "Sasikiran, Krishnan"]
[Black "Skotheim, Andreas"]
[Result "1/2-1/2"]
[ECO "C79"]
[WhiteElo "2571"]
[BlackElo "2234"]
[Annotator "TA"]
[PlyCount "55"]
[EventDate "2024.10.03"]
[EventType "swiss"]
[EventCountry "NOR"]
[SourceTitle "playchess.com"]
[Source "ChessBase"]
[SourceQuality "1"]
[TimeControl "40/6000:2400+30"]

1. e4 e5 2. Nf3 Nc6 3. Bb5 a6 4. Ba4 Nf6 5. O-O d6 6. Re1 Bd7 7. c3 g6 8. d4 Bg7 9. h3 O-O 10. Bc2 Nh5 11. a4 {[%emt 0:00:06] White is slightly better.} Qe8 12. a5 Kh8 13. Ra3 f5 14. Nbd2 Rd8 15. b4 Nf4 16. d5 Ne7 17. c4 Ng8 (17... c6 $11) 18. Nf1 {[%emt 0:10:25] Black must now prevent Bxf4.} Bh6 19. Ng3 Qf7 20. Bb2 Rde8 21. Ba4 Nf6 22. Bxd7 Qxd7 23. exf5 gxf5 24. Nh4 Ng8 $1 25. Ne2 (25. Qc2 $14) 25... Ng6 {[%emt 0:04:36] The position is equal.} 26. Nxg6+ hxg6 27. f4 {[%emt 0:00:00] And now fxe5 would win.} Kh7 28. fxe5 {[%emt 0:01:06] Weighted Error Value: White=0.13 (very precise) /Black=0.13 (very precise) .  Mistake:       	White=1     	Black=1      Inaccurate:     	White=2     	Black=2      OK:         	White=6     	Black=4      Best:        	White=1     	Black=1      Strong:       	---       	Black=1} 1/2-1/2

[Event "Fagernes GM Open Autumn 2024"]
[Site "Fagernes"]
[Date "2024.10.06"]
[Round "1.3"]
[White "Welling, Gerard"]
[Black "Urkedal, Frode Olav Olsen"]
[Result "0-1"]
[ECO "C47"]
[WhiteElo "2206"]
[BlackElo "2559"]
[Annotator "TA"]
[PlyCount "50"]
[EventDate "2024.10.03"]
[EventType "swiss"]
[EventCountry "NOR"]
[SourceTitle "playchess.com"]
[Source "ChessBase"]
[SourceQuality "1"]
[TimeControl "40/6000:2400+30"]

1. e4 e5 2. Nc3 Nf6 3. Nf3 Nc6 4. h3 Bb4 5. a3 Ba5 (5... Bxc3 $5 6. dxc3 h6 $11) 6. Bd3 (6. b4 $5 Bb6 $8 7. Bd3 $11) 6... d6 7. b4 Bb6 8. Na4 {[%emt 0:03:19] The position is equal.} d5 (8... Nxe4 $5 9. Bxe4 (9. Nxb6 axb6 10. b5 Na7 $11) 9... d5 $16) 9. exd5 Qxd5 {[%emt 0:00:00] ...e4 is the strong threat.} 10. Nc3 Qd6 11. Bb2 O-O 12. O-O a5 13. b5 Nd4 14. a4 Re8 {[%emt 0:03:44] ...e4 would now be deadly.} 15. Ng5 h6 $1 16. Ba3 Qd8 17. Nge4 {[%emt 0:00:05] [#]} Nxe4 $1 18. Bxe4 Qh4 (18... f5 $17 19. Bd5+ Be6 20. Bxb7 Rb8) 19. Kh2 c6 {[%emt 0:00:59] Black is more active.} 20. Qe1 $2 {[%emt 0:03:47][%mdl 8192] White does not recover from this.} (20. Rb1 $15 Bc7 21. d3) 20... f5 $19 21. Bd3 e4 {[%emt 0:04:04][%cal Od4f3] aiming for ...Nf3+!} 22. Bc4+ $2 (22. f4 Qxe1 23. Rfxe1) 22... Be6 {[%emt 0:00:00] Black is clearly winning.} 23. Bxe6+ Rxe6 24. Qd1 {[%emt 0:06:08] [#] Repels Nf3+} (24. f4 $142 Qxe1 25. Raxe1) 24... Nf3+ $1 25. Kh1 Ng5 {[%emt 0:02:45] Weighted Error Value: White=0.68/Black=0.06 (flawless) .  Loses game:     	White=1     	---        Mistake:       	White=2     	Black=1      Inaccurate:     	White=4     	Black=1      OK:         	White=4     	Black=9      Best:        	White=1     	Black=1      Strong:       	---       	Black=2      Brilliant:      	---       	Black=1} 0-1

[Event "Fagernes GM Open Autumn 2024"]
[Site "Fagernes"]
[Date "2024.10.06"]
[Round "1.4"]
[White "Amar, Elham"]
[Black "Krishnan, Ritvik"]
[Result "1/2-1/2"]
[ECO "C50"]
[WhiteElo "2540"]
[BlackElo "2206"]
[Annotator "TA"]
[PlyCount "84"]
[EventDate "2024.10.03"]
[EventType "swiss"]
[EventCountry "NOR"]
[SourceTitle "playchess.com"]
[Source "ChessBase"]
[SourceQuality "1"]
[TimeControl "40/6000:2400+30"]

1. e4 e5 2. Nf3 Nc6 3. Bc4 Bc5 4. Nc3 Nf6 5. d3 h6 6. O-O d6 7. Na4 Bb6 8. a3 O-O 9. Re1 Re8 10. b4 Ne7 11. Nxb6 axb6 12. Bb2 Ng6 13. h3 Be6 14. Bxe6 Rxe6 15. c4 Nh7 16. d4 Ng5 17. Nxg5 Qxg5 18. Re3 (18. g3 {simplifies} f5 19. dxe5 fxe4 20. Rxe4 Nxe5 21. Bxe5 Rxe5 22. Qd4) 18... exd4 19. Qxd4 ({White should play} 19. Bxd4 $15 h5 20. b5) 19... Nf4 $17 {[%emt 0:02:54][%csl Gf4][%cal Rg5g2] [#]} 20. g3 Nxh3+ 21. Kg2 Nf4+ (21... Rf6 {is more complex.} 22. Rf1 Nf4+ 23. Kg1 c5) 22. Kf1 Nh5 23. Qd5 c6 (23... Qg4 $17 24. Rae1 Rae8) 24. Qxg5 $15 hxg5 25. Rd1 Nf6 26. Bxf6 gxf6 {[%emt 0:00:00][%mdl 4096] Endgame. KRR-KRR} 27. g4 Kf8 28. f3 $1 {[%emt 0:00:02] The position is equal.} Ke7 29. Red3 Ra7 30. Kf2 c5 31. b5 Ra4 32. Rc3 Kd7 33. Rd5 Kc7 34. Kg2 Re8 35. Rf5 Re6 36. Rd5 Ra8 37. Rcd3 Rd8 (37... Ra4 $5 38. Rc3 $8 $11) 38. Rf5 Rh8 39. Rfd5 Ra8 40. Rf5 Ra4 41. Rc3 Kd7 42. Kg3 Ke7 {[%emt 0:03:08] Weighted Error Value: White=0.05 (flawless) /Black=0.08 (flawless) .  Mistake:       	White=1     	Black=1      Inaccurate:     	White=1     	Black=1      OK:         	White=15    	Black=10     Best:        	White=2     	Black=2      Strong:       	White=1     	---} 1/2-1/2

[Event "Fagernes GM Open Autumn 2024"]
[Site "Fagernes"]
[Date "2024.10.06"]
[Round "1.5"]
[White "Westrum, Kim Roger Hansen"]
[Black "Raja Rithvik R"]
[Result "0-1"]
[ECO "E14"]
[WhiteElo "2205"]
[BlackElo "2514"]
[Annotator "TA"]
[PlyCount "80"]
[EventDate "2024.10.03"]
[EventType "swiss"]
[EventCountry "NOR"]
[SourceTitle "playchess.com"]
[Source "ChessBase"]
[SourceQuality "1"]
[TimeControl "40/6000:2400+30"]

1. c4 e6 2. Nf3 d5 3. e3 Nf6 4. Nc3 b6 5. b3 Bb7 6. Bb2 Nbd7 7. cxd5 exd5 8. d4 a6 9. Bd3 Bd6 10. O-O O-O 11. Rc1 Qe7 12. Qe2 Ne4 13. Rc2 {[%emt 0:12:46] The position is equal.} f5 14. g3 Rf6 15. Rfc1 Rh6 16. Na4 c6 17. Ne5 Bxe5 18. dxe5 b5 19. Bxe4 (19. Nc3 $11) 19... fxe4 $15 20. Nc5 Nxc5 21. Rxc5 {[%emt 0:00:00] White is weak on the light squares} Rf8 22. a4 Rf5 {[%emt 0:07:15] Black has more active pieces.} (22... Qe6 $15 23. Qf1 b4) 23. Qg4 {[%emt 0:24:32] [#]} (23. R5c2 $11) 23... Rg5 $1 $17 24. Qf4 Rgh5 25. Kf1 {[%emt 0:03:42] [#]} (25. axb5 $17 Rxh2 26. Kf1 (26. Bd4 $2 Rh1+ 27. Kg2 R6h2#) 26... axb5 27. e6 Rxe6 (27... Qxe6 28. Qb8+ Qc8 29. Qxc8+ Bxc8 30. Rxc6 $15) 28. Rxb5 cxb5 29. Rc7) 25... Rxh2 (25... Qe6 $1 $19 {is more deadly.} 26. g4 Rxh2 27. axb5 axb5) 26. Ke2 (26. axb5 $17 axb5 27. e6 Rxe6 (27... Qxe6 28. Qb8+ Qc8 29. Qxc8+ Bxc8 30. Rxc6 $17) 28. Rxd5 cxd5 29. Rc7) 26... b4 27. Bd4 Qe8 28. R5c2 Bc8 29. Rg1 (29. e6 $142 Rxe6 (29... Qxe6 30. Rxc6 Qg4+ 31. Kd2 $11) 30. Kd1) 29... Rg6 (29... Be6 $19 {has better winning chances.} 30. Kd2 Rg6) 30. e6 Bxe6 ({Much less strong is} 30... Qxe6 31. Qb8) 31. Rgc1 (31. Kd1 $17) 31... Bd7 32. Rf1 Qc8 33. Kd2 Rh5 34. Kc1 Rf5 35. Qh4 Rf7 {[%emt 0:00:05] Repels Qe7. ...Bg4 would now be deadly.} 36. Kb2 $2 (36. Qh5) 36... Bg4 $19 {[%emt 0:00:25] Strongly threatening ...Rh6.} 37. Rfc1 $2 (37. Bb6 {was worth a try.}) 37... Rh6 {[%emt 0:01:05] Black is clearly winning.} 38. Qg5 Rh5 39. Rxc6 Rxf2+ 40. Kb1 Rxg5 {[%emt 0:00:00] Weighted Error Value: White=0.63/Black=0.21 (precise) .  Missed win:     	---       	Black=1      Mistake:       	White=8     	Black=2      Inaccurate:     	White=2     	Black=1      OK:         	White=7     	Black=9      Best:        	White=1     	Black=4      Strong:       	---       	Black=1} 0-1

[Event "Fagernes GM Open Autumn 2024"]
[Site "Fagernes"]
[Date "2024.10.06"]
[Round "1.6"]
[White "Ghasi, Ameet K"]
[Black "Gudbrandsen, Gustav"]
[Result "1-0"]
[ECO "A05"]
[WhiteElo "2503"]
[BlackElo "2197"]
[Annotator "TA"]
[PlyCount "57"]
[EventDate "2024.10.03"]
[EventType "swiss"]
[EventCountry "NOR"]
[SourceTitle "playchess.com"]
[Source "ChessBase"]
[SourceQuality "1"]
[TimeControl "40/6000:2400+30"]

1. Nf3 Nf6 2. g3 c5 3. Bg2 Nc6 4. O-O g6 5. d3 Bg7 6. e4 O-O 7. c3 e6 8. Re1 d6 9. a3 e5 {[%emt 0:03:06] The position is equal.} 10. b4 Bg4 11. h3 (11. b5 $5 Ne7 12. a4 $14) 11... Bxf3 12. Qxf3 Qd7 13. Nd2 b5 14. bxc5 dxc5 15. Nb3 c4 16. dxc4 bxc4 17. Nc5 Qe7 18. Be3 Na5 (18... Rfc8 $11 {keeps the balance.}) 19. Rab1 $16 Rfb8 20. Rb4 Nd7 ({Black should try} 20... Rb6) 21. Nxd7 Qxd7 22. Rd1 {[%emt 0:00:00] Repels Qd3. White wants to mate with Rxb8+. White is more active.} Qc7 (22... Qc6 $16 {keeps fighting.} 23. Rd5 Nb7) 23. Rd5 $18 Nb3 (23... Nb7 $16 {was necessary.} 24. Bf1 Nd6) 24. Bf1 Rxb4 (24... Na5 $142 25. Ra4 Nb7 26. Rxc4 (26. Bxc4 a5 $18) (26. Bxa7 Rc8 $18) 26... Qe7) 25. axb4 ({Weaker is} 25. cxb4 c3 $11) 25... a5 26. bxa5 (26. b5 $142 a4 27. b6) 26... Rxa5 $2 {[%emt 0:00:00] [#]} (26... Nxa5 {is tougher.} 27. Qd1 Nb7) 27. Bxc4 $1 {[%emt 0:14:29][%mdl 512] White is clearly winning.} Rxd5 28. Bxd5 {[%emt 0:00:00] This pair of bishops is nice.} Na5 {[%emt 0:01:47] [#]} 29. Bb6 $1 {[%emt 0:00:00][%mdl 512] Weighted Error Value: White=0.11 (very precise) /Black=0.60.  Mistake:       	White=1     	Black=6      Inaccurate:     	White=1     	Black=3      OK:         	White=6     	Black=5      Best:        	White=3     	---        Brilliant:      	White=2     	---} 1-0

[Event "Fagernes GM Open Autumn 2024"]
[Site "Fagernes"]
[Date "2024.10.06"]
[Round "1.7"]
[White "Soham Datar"]
[Black "Mitusov, Semen"]
[Result "0-1"]
[ECO "B23"]
[WhiteElo "2188"]
[BlackElo "2486"]
[Annotator "TA"]
[PlyCount "74"]
[EventDate "2024.10.03"]
[EventType "swiss"]
[EventCountry "NOR"]
[SourceTitle "playchess.com"]
[Source "ChessBase"]
[SourceQuality "1"]
[TimeControl "40/6000:2400+30"]

1. e4 c5 2. Nc3 d6 3. f4 Nc6 4. Nf3 g6 5. Bc4 Bg7 6. O-O e6 7. d3 Nge7 8. f5 gxf5 (8... exf5 $11 9. Qe1 h6) 9. Bg5 (9. Ng5 $1 $14 h6 10. Nxf7 Kxf7 11. Qh5+ Kg8 12. exf5 Bd4+ 13. Kh1) 9... h6 $15 10. Bh4 fxe4 (10... Qb6 $15) 11. dxe4 a6 {[%emt 0:00:56] Inhibits Nb5.} 12. a4 Qc7 13. Bg3 Nd4 14. Ne2 Ng6 15. Ra3 O-O 16. Nf4 Qe7 ({Black should try} 16... Rb8 $14) 17. Nxd4 ({White should play} 17. Nh5 $16) 17... cxd4 $14 18. Qh5 Kh7 19. h4 (19. Bd3 $11 {keeps the balance.}) 19... Bd7 $17 {[%emt 0:02:11] Black converts the advantage convincingly.} 20. Nh3 (20. Qe2 $17) 20... Rac8 $19 21. Raf3 (21. Qe2 $142) 21... Kg8 (21... Rxc4 22. Ng5+ Kg8 23. Rxf7 Rxf7 24. Rxf7 Qxf7 25. Nxf7 Kxf7 26. Qf3+ Bf6 27. Bxd6 $17) 22. Bb3 Rc5 23. Rf5 (23. Qg4 $2 h5 $19) 23... exf5 24. Qxg6 Be6 (24... fxe4 $2 {is the wrong capture.} 25. Bxd6 $18) ({Don't play} 24... Qxe4 25. Qxd6 Bc6 26. Rf2 $19) 25. Bxe6 fxe6 ({Not} 25... Qxe6 26. Qxe6 fxe6 27. Bxd6 Rxc2 28. Bxf8 Bxf8 29. exf5 exf5 (29... Rxb2 30. fxe6 Bc5 31. Rd1 $15) 30. Rf3 $19) 26. exf5 Rcxf5 27. Rxf5 Rxf5 28. Qg4 Kh7 29. h5 d5 30. Nf4 Qg5 31. Qxg5 Rxg5 {[%emt 0:00:11][%mdl 4096] Endgame. KRB-KBN} 32. Bf2 e5 33. Nxd5 Rxh5 {[%emt 0:00:00] Strongly threatening ...e4.} 34. b4 e4 35. Nf4 Rf5 36. Ne2 d3 37. cxd3 exd3 {[%emt 0:00:00] Weighted Error Value: White=0.65/Black=0.16 (very precise) .  Mistake:       	White=5     	Black=2      Inaccurate:     	White=3     	Black=2      OK:         	White=5     	Black=12     Best:        	White=4     	---} 0-1

[Event "Fagernes GM Open Autumn 2024"]
[Site "Fagernes"]
[Date "2024.10.06"]
[Round "1.8"]
[White "Kvaloy, Aksel Bu"]
[Black "Sian, Shadi"]
[Result "1-0"]
[ECO "E04"]
[WhiteElo "2484"]
[BlackElo "2182"]
[Annotator "TA"]
[PlyCount "133"]
[EventDate "2024.10.03"]
[EventType "swiss"]
[EventCountry "NOR"]
[SourceTitle "playchess.com"]
[Source "ChessBase"]
[SourceQuality "1"]
[TimeControl "40/6000:2400+30"]

1. d4 d5 2. c4 e6 3. Nf3 Nf6 4. g3 dxc4 5. Bg2 Nc6 6. O-O Rb8 7. a4 b6 8. Nc3 {[%emt 0:10:04] E04: Open Catalan: 5 Nf3.} Bb7 9. e4 Na5 10. Qe2 Bb4 11. Bg5 $146 ({Predecessor:} 11. e5 Nd5 12. Ne4 h6 13. h4 Ba6 14. Rd1 Qc8 15. Nh2 c3 16. Qc2 Bc4 17. bxc3 {0-1 Xiao,Y (2222)-Zhang,X (2374) CHN-chT China 2016 (5.5)}) 11... h6 12. Bxf6 Qxf6 13. Ne5 Rd8 14. Nxc4 Bxc3 15. bxc3 Ba6 16. Nd6+ cxd6 17. Qxa6 Qe7 18. f4 O-O 19. Qd3 Qc7 20. g4 Rc8 21. Rf3 e5 22. f5 Rfe8 23. Re1 Qc4 24. Qe3 exd4 (24... Qxa4 25. g5 exd4 26. cxd4 $11) 25. cxd4 Nc6 26. Rd1 Qxa4 27. Rff1 Nb4 28. Kh1 (28. Qg3 $11) 28... Nc2 (28... Nd5 $17 29. Qg1 Nf6) 29. Qf2 $2 (29. Qh3 $11) 29... Qb3 30. Rc1 (30. f6 $142 Qe3 (30... Ne3 31. Rb1 $19) 31. fxg7 Qxf2 32. Rxf2) 30... Ne3 $19 31. Qf3 Rxc1 (31... Nxf1 $142 32. Qxb3 (32. Rxc8 $2 Ng3+ 33. hxg3 Qb1+ 34. Kh2 Rxc8 $19) 32... Rxc1 33. Bxf1 Rxf1+ 34. Kg2 Rf4) 32. Rxc1 $19 Qa3 (32... a5 $19 {...a4 would now be deadly.} 33. Re1 Rc8 34. Qxe3 (34. Rxe3 $2 Rc1+ 35. Bf1 Rxf1+ 36. Qxf1 Qxe3 $19) 34... Qxe3 35. Rxe3 Rc1+ 36. Bf1 Rxf1+ 37. Kg2 Rb1 (37... Rd1 $2 38. Rb3 $19)) 33. Re1 $17 Nc2 34. Qxa3 Nxa3 35. Rc1 (35. Ra1 $142 Rc8 36. Bf1) 35... Nb5 $17 36. Rc4 (36. Kg1 $17) 36... Re7 37. h4 (37. Rc8+ {might work better.} Kh7 38. Rd8) 37... Rc7 $1 $19 38. Rb4 Nc3 39. e5 dxe5 40. dxe5 Kf8 ({Better is} 40... Rc5 $19 41. Rd4 Rxe5 42. Rd8+ Kh7) 41. f6 $15 g5 (41... gxf6 $17 42. exf6 Kg8) 42. Rd4 $11 Ke8 (42... gxh4 43. Rd8#) 43. Rd6 Rc8 $1 (43... gxh4 $2 44. Bc6+ Rxc6 45. Rxc6 $18) 44. Bb7 Rb8 45. Bc6+ Kf8 46. hxg5 hxg5 47. Rd3 Ne2 48. Rd7 Nf4 $1 49. Rxa7 Ng6 50. e6 fxe6 51. Be4 Ne5 52. Rh7 Re8 $2 (52... Nxg4 $11 53. Rh8+ Kf7 54. Rxb8 Nf2+ 55. Kg2 Nxe4) 53. Kg2 $18 b5 (53... Nxg4 54. f7 (54. Bg6 Nxf6 55. Rf7+ Kg8 $16) 54... Rd8 (54... Re7 $2 55. Bg6 $18) 55. Rh8+ Kxf7 56. Rxd8 $18) 54. Kg3 b4 55. Bc2 $1 Kg8 56. Rg7+ Kf8 {[%emt 0:00:06] [#]} 57. Rxg5 $2 (57. Bh7 $1 $18 Nc6 58. Rg8+ (58. Rxg5 Rb8 $18) 58... Kf7 59. Bg6+ (59. Rxg5 Kxf6 60. Rc5 Ne7 $11) 59... Kxf6 60. Rxe8 (60. Bxe8 Ne7 $18)) 57... Nd7 $11 58. Ba4 Rd8 59. Bxd7 Rxd7 60. Rh5 Rd5 61. Rh7 Rb5 $2 {[%emt 0:00:59][%mdl 8192] [#]} (61... b3 $11 62. Rb7 Ke8) 62. Kh4 $1 Kg8 63. Rg7+ (63. f7+ $142 Kf8 64. g5 Rf5 65. g6 Rf4+ 66. Kg3 Rf1 67. Rh8+ Kg7 68. Rg8+ Kh6 69. f8=Q+ (69. f8=B+ Kg5 $18) 69... Rxf8 70. Rxf8) 63... Kh8 64. g5 b3 65. g6 b2 66. Rh7+ Kg8 67. f7+ 1-0

[Event "Fagernes GM Open Autumn 2024"]
[Site "Fagernes"]
[Date "2024.10.06"]
[Round "1.9"]
[White "Vijayakumar, Rishi"]
[Black "Bazakutsa, Svyatoslav"]
[Result "0-1"]
[ECO "A65"]
[WhiteElo "2172"]
[BlackElo "2483"]
[Annotator "TA"]
[PlyCount "88"]
[EventDate "2024.10.03"]
[EventType "swiss"]
[EventCountry "NOR"]
[SourceTitle "playchess.com"]
[Source "ChessBase"]
[SourceQuality "1"]
[TimeControl "40/6000:2400+30"]

1. d4 Nf6 2. c4 g6 3. f3 Bg7 4. e4 d6 5. Nc3 O-O 6. Be3 c5 7. Nge2 Nc6 8. d5 Ne5 9. Ng3 e6 10. Be2 exd5 11. cxd5 b5 12. Bxb5 Rb8 13. Rb1 h5 {[%emt 0:00:00][%cal Bh7h5,Bh5h4,Bh4h3][%mdl 32] White is slightly better.} 14. O-O h4 15. Nh1 h3 16. g3 Qa5 17. Be2 Ba6 $1 18. Nf2 Nc4 19. Qc1 Nxe3 20. Qxe3 Nd7 21. Bxa6 (21. Nxh3 $2 Bd4 $19) 21... Qxa6 22. b3 (22. Nxh3 $2 Bd4 $19) (22. Qd2 $11 {remains equal.}) 22... Bd4 $17 {[%emt 0:13:49] White is weak on the dark squares} 23. Qe2 Rb6 24. Qxa6 Rxa6 25. Nb5 {[%emt 0:01:45] Strongly threatening Nxd4.} Rxa2 26. Nxd4 cxd4 27. Ra1 Rb2 28. Nxh3 Rc8 {[%emt 0:00:41] ...Rcc2 would now be deadly.} 29. Rf2 (29. Rxa7 Rcc2 30. Rf2 (30. Rxd7 $2 Rg2+ 31. Kh1 Rxh2+ 32. Kg1 Rbg2#) 30... d3 $19) (29. Rad1 $11) 29... Rcc2 (29... Rxb3 $17 {...d3 is the strong threat.} 30. Rxa7 Ne5) 30. Rxc2 (30. Rxa7 d3 31. Ra8+ (31. Rxd7 $2 d2 $19) 31... Kg7 $19) 30... Rxc2 $11 {[%emt 0:00:00][%mdl 4096] Endgame. KRN-KRN} 31. f4 ({Reject} 31. Rxa7 Ne5 32. Nf2 Nxf3+ 33. Kg2 Ne5 $17) ({White should play} 31. Rd1 $11) 31... Nc5 $1 $15 32. Nf2 {[%emt 0:00:02] [#] Black must now prevent b4.} d3 $1 {[%emt 0:00:00] Threatens to win with ...d2. Black is much more active.} 33. Rd1 {[%emt 0:00:11] Now White is beyond hope.} ({White should try} 33. b4 $15 d2 34. Rf1 (34. bxc5 $2 {perishes.} Rc1+ 35. Kg2 Rxa1 $19)) 33... d2 $19 (33... Nxb3 34. Rxd3 Nc5 35. Ra3 $16) 34. Kf1 (34. b4 $142 Na4 35. Kg2) 34... Nxb3 35. e5 dxe5 36. fxe5 a5 37. d6 Kf8 38. Nd3 a4 39. Nb4 Rc4 40. Nd5 (40. Na2 $142 Rc2 41. Nb4) 40... Ke8 {[%emt 0:00:24] [#] Hoping for ...a3.} 41. Ke2 a3 42. Rf1 Rc1 {[%emt 0:02:03] ( -> ...Rxf1)} 43. Nc7+ Kd7 44. Rxf7+ Kc6 {[%emt 0:00:15] Weighted Error Value: White=0.89/Black=0.06 (flawless) .  Loses game:     	White=1     	---        Mistake:       	White=5     	Black=1      Inaccurate:     	White=3     	Black=2      OK:         	White=10    	Black=9      Best:        	---       	Black=7      Strong:       	---       	Black=3} 0-1